 Dungeon Crawl Stone Soup version 0.18.1-51-gd549091e01 (webtiles) character file.

45 magog001 the Grave Robber (level 3, -1/25 HPs)
             Began as a Mummy Necromancer on Mar 24, 2020.
             Slain by an adder (2 damage)
             ... on level 1 of the Dungeon.
             The game lasted 00:08:13 (1294 turns).

magog001 the Grave Robber (Mummy Necromancer)       Turns: 1294, Time: 00:08:14

Health: -1/25      AC:  2    Str: 11    XL:     3   Next: 42%
Magic:  4/6        EV: 12    Int: 15    God:
Gold:   81         SH:  0    Dex: 12    Spells: 2 memorised, 4 levels left

rFire  x . .     SeeInvis .     d - +0 dagger
rCold  + . .     Gourm    .     a - +0 robe
rNeg   + + +     Faith    .     (no shield)
rPois  ∞         Spirit   .     (no helmet)
rElec  .         Dismiss  .     (no cloak)
rCorr  .         Reflect  .     (no gloves)
SustAt .         Harm     .     (no boots)
MR     .....                    (no amulet)
Stlth  ++........               (no ring)
                                (no ring)

@: not resistant to hostile enchantments, unstealthy
A: no food or potions, fire vulnerability, cold resistance 1, negative energy
resistance 3, torment resistance, unbreathing
a: no special abilities


You were on level 1 of the Dungeon.
You were not hungry.

You visited 1 branch of the dungeon, and saw 2 of its levels.

You collected 81 gold pieces.

Inventory:

Hand Weapons
 d - a +0 dagger (weapon)
Armour
 a - a +0 robe (worn)
Scrolls
 c - a scroll of remove curse {unknown}
 e - a scroll of teleportation {unknown}
 f - a scroll of enchant armour {unknown}
Books
 b - a book of Necromancy

   Spells                             Type                      Level
   a - Pain                           Necromancy                   1
   b - Animate Skeleton               Necromancy                   1
   c - Vampiric Draining              Necromancy                   3
   d - Regeneration                   Charms/Necromancy            3
   e - Animate Dead                   Necromancy                   4
   f - Control Undead                 Necromancy                   4


   Skills:
 * Level 0.6 Fighting
 * Level 1.8 Dodging
 + Level 1.6 Stealth
 + Level 2.2 Spellcasting
 + Level 4.8 Necromancy


You had 4 spell levels left.
You knew the following spells:

 Your Spells              Type           Power        Failure   Level  Hunger
a - Pain                  Necr           ###.         3%          1    N/A
b - Animate Skeleton      Necr           N/A          3%          1    N/A

Dungeon Overview and Level Annotations

Branches:
Dungeon (2/15)

Altars:


Innate Abilities, Weirdness & Mutations

You do not eat or drink.
Your flesh is vulnerable to fire.
You are immune to poison.
Your flesh is cold resistant.
You are immune to negative energy.
You are immune to unholy pain and torment.
You can survive without breathing.


Message History

The gnoll closely misses you. The adder bites you. The adder barely misses you.
The adder bites you.
* * * LOW HITPOINT WARNING * * *
There is a stone staircase leading up here.
The adder bites you.
* * * LOW HITPOINT WARNING * * *
You climb upwards.
There is a stone staircase leading down here.
Unknown command.
You hit the adder.
The adder is moderately wounded.
The adder bites you.
* * * LOW HITPOINT WARNING * * *
The adder misses you.
You closely miss the adder.
The adder is moderately wounded.
The adder bites you.
You die...

# #.########################.## #
#..........................# #
##########################.# #
#.# # #.# # ##### #†#
#########...# #.#
##......#...##################.##
''...........%..@................
##....)........S.).###########.##
##.................# #.........##
#....#............# #.##########
#....##...#####'#####'##........
#....##...##...........#.#######
##....##..[##.........%.#.#
......##...##...........#Z#
#####.##...##.........).#Z#


You could see an adder.

Vanquished Creatures
  A gnoll (D:2)
  2 dart slugs
  2 giant geckos (D:1)
  A giant cockroach (D:1)
  4 goblins (D:1)
  7 hobgoblins
  3 bats
  A giant newt (D:1)
  3 kobolds
  4 rats (D:1)
28 creatures vanquished.

Vanquished Creatures (collateral kills)
  A rat (D:2)
1 creature vanquished.

Grand Total: 29 creatures vanquished

Notes
Turn   | Place    | Note
--------------------------------------------------------------
     0 | D:1      | magog001 the Mummy Necromancer began the quest for the Orb.
     0 | D:1      | Reached XP level 1. HP: 13/13 MP: 3/3
   416 | D:1      | Reached XP level 2. HP: 19/19 MP: 1/5
  1010 | D:1      | Learned a level 1 spell: Animate Skeleton
  1126 | D:1      | Reached XP level 3. HP: 20/25 MP: 2/6
  1291 | D:2      | HP: 1/25 [adder (4)]
  1294 | D:1      | Slain by an adder

Action                   || total
-------------------------++-------
Melee: Unarmed           ||     9
       Dagger            ||    16
 Cast: Pain              ||    44
       Animate Skeleton  ||     3
Armor: Robe              ||     3
Dodge: Dodged            ||    25
